Map: Traitor's Exile

Players

Pony

  • Race: Terran Terran
  • Spawn Location: 5:00

SuperNinja

  • Race: Protoss Protoss
  • Spawn Location: 6:00

Mesrob - Winner!

  • Race: Terran Terran
  • League: Gold
  • Spawn Location: 12:00

Subwaymaker - Winner!

  • Race: Protoss Protoss
  • League: Silver
  • Spawn Location: 9:00

VOD

Have the link to the VOD?

Description

Time

  • Played on: Jan. 16, 2019, 6:44 p.m.
  • Length: 16:21
Show
View Real Time Build Order
Export as new Build Order

Pony Terran 

Build Orders:  

Get SALT Encoding   

  12  0:10  Supply Depot  
  12  0:13  SCV  
  13  0:25  SCV  
  14  0:28  Refinery  
  14  0:41  Barracks  
  14  0:50  SCV  
  15  1:08  Barracks  
  15  1:34  Barracks Reactor  
  15  1:35  Orbital Command  
  15  1:55  Barracks Tech Lab  
  15  2:13  Marine x2  
  17  2:16  Marine  
  18  2:24  SCV  
  19  2:31  Marine x2  
  19  2:34  Marine, Combat Shield  
  22  2:43  Supply Depot  
  22  2:44  Supply Depot  
  22  2:48  Marine  
  23  3:04  Marine x2  
  25  3:06  Marine, Supply Depot  
  26  3:20  Bunker  
  26  3:22  Marine x2  
  26  3:24  Marine  
  29  3:34  Supply Depot  
  29  3:40  Marine x2  
  31  3:42  Marine  
  32  3:56  Bunker  
  32  3:58  Marine x2  
  32  4:00  Marine  
  35  4:13  Refinery  
  35  4:15  Marine  
  35  4:16  Marine  
  37  4:17  Marine  
  38  4:33  Marine  
  38  4:34  Marine  
  40  4:44  Marine  
  41  4:48  Command Center, Engineering Bay  
  22  5:28  Marine x2  
  21  5:30  Marine  
  22  5:46  Marine x2  
  22  5:48  Marine  
  25  6:00  SCV  
  25  6:04  Marine x2  
  26  6:06  Marine  
  26  6:09  Factory  
  29  6:12  SCV  
  29  6:16  Terran Infantry Weapons Level 1  
  30  6:23  Marine  
  30  6:25  SCV  
  32  6:37  SCV  
  33  6:49  SCV  
  34  7:01  SCV  
  29  7:25  Marine  
  29  7:26  Marine x2  
  32  7:43  Marine  
  32  7:44  Refinery, Marine x2  
  32  8:00  Marine  
  32  8:02  Marine x2  
  31  8:10  Factory Tech Lab  
  31  8:18  Marine  
  32  8:20  Marine x2  
  34  8:29  Siege Tank  
  37  8:36  Marine  
  37  8:37  Marine  
  37  8:38  Marine  
  40  8:49  Terran Infantry Armor Level 1  
  40  8:53  Missile Turret  
  40  8:54  Marine  
  40  8:55  Marine x2  
  41  8:56  SCV  
  41  9:01  Siege Tank  
  47  9:12  Missile Turret  
  47  9:13  Marine x2  
  49  9:31  Marine x2  
  49  9:33  Siege Tank  
  54  9:49  Marine x2  
  38  10:25  Marine  
  38  10:26  Marine  
  32  10:29  Marine  
  32  10:33  Siege Tank  
  36  10:43  Marine x2  
  36  10:47  Marine, Missile Turret  
  39  11:01  Marine x2  
  41  11:05  Marine, Siege Tank  
  41  11:06  Missile Turret  
  45  11:19  Marine  
  45  11:23  Marine  
  47  11:31  Starport  
  47  11:38  Siege Tank  
  50  11:40  Marine  
  51  11:52  Missile Turret  
  51  12:10  Siege Tank  
  51  12:11  Missile Turret  
  54  12:18  Orbital Command  
  54  12:22  Marine x2  
  56  12:24  Marine  
  57  12:31  Missile Turret  
  57  12:40  Marine x2  
  57  12:42  Siege Tank  
  62  12:52  Missile Turret  
  62  12:57  Marine  
  63  13:12  Missile Turret  
  63  13:26  Missile Turret  
  63  13:29  Medivac  
  63  13:32  Marine  
  63  13:33  Marine  
  67  13:39  Siege Tank  
  70  13:45  Missile Turret  
  70  14:03  Supply Depot, Missile Turret  
  70  14:04  Missile Turret  
  70  14:22  Missile Turret  
  70  14:23  Missile Turret  
  70  14:25  Marine  
  70  14:26  Supply Depot  
  71  14:42  Missile Turret  
  71  14:44  Missile Turret  
  71  14:50  Supply Depot  
  64  14:58  Marine  
  48  15:02  Missile Turret  
  48  15:03  Siege Tank, Missile Turret  
  48  15:05  Missile Turret  
  48  15:06  Viking  
  35  15:16  Marine  
  20  15:34  Marine  
Show
View Real Time Build Order
Export as new Build Order

SuperNinja Protoss 

Build Orders:  

Get SALT Encoding   

  12  0:01  Probe  
  13  0:13  Probe  
  14  0:22  Probe  
  14  0:24  Pylon  
  15  0:39  Assimilator, Probe  
  16  0:50  Gateway  
  16  0:51  Probe  
  17  1:00  Assimilator  
  17  1:03  Probe  
  18  1:24  Pylon  
  18  1:38  Cybernetics Core  
  18  1:39  Probe  
  19  1:52  Probe  
  19  1:53  Pylon  
  20  2:04  Probe  
  21  2:16  Probe  
  21  2:17  Stargate  
  22  2:27  Stargate  
  22  2:28  Probe  
  23  2:40  Probe  
  24  2:46  Pylon  
  24  2:51  Pylon  
  24  2:52  Probe  
  25  3:11  Stargate  
  25  3:24  Void Ray  
  29  3:52  Void Ray  
  33  4:02  Nexus  
  33  4:20  Void Ray  
  37  4:38  Assimilator  
  37  4:45  Assimilator  
  29  5:46  Void Ray  
  29  5:47  Void Ray  
  29  5:49  Void Ray  
  41  5:55  Probe  
  42  6:07  Probe  
  43  6:20  Probe  
  44  6:32  Void Ray  
  48  6:50  Stalker  
  48  6:53  Void Ray  
  50  7:20  Stalker  
  52  7:28  Void Ray  
  56  7:31  Void Ray  
  56  7:36  Void Ray  
  56  8:19  Void Ray  
  60  8:23  Void Ray  
  64  8:40  Pylon  
  64  8:42  Pylon  
  64  8:46  Pylon  
  64  8:48  Pylon  
  64  8:59  Void Ray  
  64  9:02  Void Ray  
  72  9:10  Protoss Air Weapons Level 1  
  72  9:18  Probe  
  73  9:30  Probe  
  74  9:34  Void Ray  
  78  9:42  Void Ray  
  50  11:19  Void Ray x2  
  50  11:20  Void Ray  
  62  11:42  Stargate  
  62  11:47  Pylon  
  62  11:57  Pylon  
  62  12:07  Void Ray  
  62  12:08  Void Ray x2  
  74  12:20  Stargate  
  74  12:34  Probe  
  75  12:38  Probe  
  76  12:46  Probe  
  76  12:50  Probe  
  79  12:58  Probe  
  79  13:02  Probe  
  80  13:15  Probe  
  81  13:26  Void Ray  
  85  13:28  Probe  
  86  13:40  Probe  
  87  13:52  Probe  
  88  14:08  Void Ray  
  37  15:37  Void Ray x3  
Show
View Real Time Build Order
Export as new Build Order

Mesrob Terran - Winner!

Build Orders: Mech 

Get SALT Encoding   

  12  0:01  SCV  
  13  0:13  SCV  
  14  0:20  Supply Depot  
  14  0:26  SCV  
  15  0:42  SCV  
  16  0:43  Barracks  
  16  0:54  SCV  
  16  0:55  Refinery  
  17  1:07  SCV  
  18  1:19  SCV  
  19  1:37  Marine  
  19  1:38  Bunker  
  20  1:41  Orbital Command  
  20  1:56  Command Center  
  20  2:05  Barracks Tech Lab  
  20  2:10  SCV  
  21  2:22  Supply Depot, SCV  
  22  2:25  Factory  
  22  2:45  Supply Depot, SCV  
  22  2:49  Refinery  
  23  2:56  Engineering Bay  
  23  3:10  Supply Depot  
  23  3:19  Marine  
  24  3:26  Siege Tank  
  27  3:30  Orbital Command  
  27  3:51  Missile Turret  
  27  3:56  Armory  
  27  4:00  Siege Tank  
  30  4:10  SCV  
  30  4:16  SCV  
  32  4:22  Missile Turret  
  32  4:23  SCV  
  33  4:28  SCV  
  34  4:35  SCV  
  34  4:37  Factory  
  35  4:40  Factory, SCV  
  36  4:47  SCV  
  37  4:52  SCV  
  37  4:53  Command Center  
  37  4:59  SCV  
  39  5:05  SCV  
  40  5:11  SCV  
  38  5:18  Marine  
  38  5:20  Siege Tank  
  37  5:40  SCV x2  
  39  5:52  SCV  
  39  5:54  Marine  
  41  5:57  Bunker  
  41  5:58  Refinery  
  41  6:00  SCV  
  41  6:02  Refinery  
  42  6:04  SCV  
  42  6:06  Factory Reactor x2  
  43  6:11  Marine  
  43  6:12  Factory, SCV  
  43  6:16  SCV  
  43  6:18  Armory  
  46  6:19  Terran Vehicle Weapons Level 1  
  46  6:25  SCV  
  47  6:39  Planetary Fortress  
  47  6:45  Hellbat x4  
  55  6:52  Refinery  
  51  7:08  Missile Turret  
  44  7:19  Thor  
  46  7:28  Hellion x3  
  46  7:29  Hellion, Missile Turret  
  53  7:35  SCV  
  53  7:36  SCV  
  55  7:39  Factory Tech Lab  
  55  7:46  Barracks  
  55  7:49  Missile Turret  
  55  8:08  Supply Depot  
  55  8:17  Supply Depot  
  55  8:30  Hellbat x2, Supply Depot, SCV x2  
  61  8:38  SCV, Thor  
  61  8:40  Supply Depot  
  68  8:42  SCV  
  69  8:51  Supply Depot  
  69  8:52  SCV x2, Thor  
  77  8:56  Supply Depot  
  77  9:06  Supply Depot  
  77  9:11  Factory  
  77  9:13  Supply Depot  
  77  9:24  Factory  
  77  9:25  Factory  
  77  9:29  Supply Depot  
  77  9:31  Factory  
  77  9:36  Supply Depot  
  77  9:37  Thor  
  83  9:45  SCV  
  84  9:47  SCV x2  
  84  9:52  Supply Depot  
  86  9:57  SCV  
  86  9:58  Refinery, Supply Depot  
  86  9:59  SCV x2  
  89  10:09  Factory Tech Lab, SCV  
  89  10:10  Factory, Factory Reactor  
  89  10:11  SCV x2  
  92  10:21  SCV, Bunker  
  92  10:23  SCV  
  82  10:33  SCV  
  77  10:43  Thor  
  77  10:44  Thor x2  
  95  10:55  Factory Tech Lab  
  95  11:03  Factory Tech Lab  
  85  11:08  Command Center  
  77  11:22  Thor  
  83  11:42  Thor  
  83  11:43  Thor  
  83  11:45  Hellbat x3  
  83  11:46  Hellbat x3  
  107  12:12  Factory Tech Lab  
  107  12:19  Thor  
  107  12:21  Thor  
  125  12:22  Hellbat  
  125  12:23  Hellbat x5  
  125  12:25  Thor  
  137  12:30  Command Center  
  137  12:31  Orbital Command  
  137  12:46  Supply Depot  
  137  12:54  Supply Depot  
  137  13:02  Thor x2  
  149  13:08  Hellbat, Thor  
  157  13:16  Hellbat x4, Supply Depot  
  157  13:18  Supply Depot  
  165  13:33  Command Center  
  165  13:37  Thor  
  165  13:40  Supply Depot  
  171  13:41  Supply Depot  
  171  13:48  SCV  
  171  13:53  SCV x2  
  174  13:59  Refinery  
  174  14:01  SCV x2  
  176  14:03  Supply Depot  
  176  14:04  Supply Depot  
  176  14:05  SCV x2, Thor x2  
  176  14:07  Thor  
  196  14:10  Hellbat  
  196  14:12  Hellbat  
  200  14:26  Refinery  
  200  14:27  Supply Depot  
  194  14:49  Supply Depot  
  194  14:59  Thor x3  
  198  15:01  Hellbat x2  
  194  15:13  Thor  
  200  15:37  Refinery  
  198  15:47  Refinery  
Show
View Real Time Build Order
Export as new Build Order

Subwaymaker Protoss - Winner!

Build Orders: Oracle Opening 

Get SALT Encoding   

  1  0:00  Probe  
  13  0:07  Probe  
  14  0:25  Pylon  
  14  0:32  Assimilator  
  14  0:36  Probe  
  16  0:50  Probe  
  16  0:52  Gateway  
  16  0:58  Probe  
  17  1:06  Probe  
  18  1:16  Probe  
  19  1:28  Probe  
  19  1:40  Probe  
  20  1:48  Cybernetics Core  
  20  1:50  Pylon  
  20  1:52  Probe  
  21  1:54  Forge  
  21  2:00  Probe  
  21  2:04  Assimilator  
  21  2:08  Probe  
  23  2:19  Probe  
  24  2:22  Pylon  
  24  2:31  Probe  
  25  2:43  Probe  
  26  2:50  Stargate  
  26  2:57  Warp Gate, Photon Cannon  
  26  2:59  Probe  
  27  3:06  Pylon  
  27  3:11  Probe  
  28  3:23  Probe  
  28  3:24  Nexus  
  29  3:35  Probe  
  29  3:39  Oracle  
  33  3:47  Probe  
  34  3:59  Probe  
  34  4:00  Sentry  
  37  4:04  Protoss Ground Armor Level 1  
  37  4:11  Probe  
  37  4:14  Oracle  
  41  4:24  Probe  
  42  4:30  Stalker  
  44  4:36  Probe  
  45  4:41  Pylon  
  45  4:45  Pylon  
  45  4:47  Pylon  
  45  4:49  Protoss Air Weapons Level 1  
  45  4:59  Stalker  
  37  5:43  Void Ray  
  41  5:51  Pylon  
  41  5:57  Stargate  
  41  6:01  Probe  
  41  6:04  Probe  
  41  6:08  Assimilator  
  41  6:09  Probe  
  43  6:13  Assimilator  
  43  6:16  Sentry  
  43  6:17  Probe  
  47  6:30  Gateway  
  47  6:31  Gateway  
  47  6:33  Gateway  
  47  6:41  Void Ray  
  51  6:47  Nexus  
  51  6:50  Pylon  
  51  6:51  Void Ray  
  51  6:53  Pylon  
  55  6:55  Assimilator  
  55  7:00  Assimilator  
  53  7:04  Pylon  
  53  7:05  Stalker  
  47  7:19  Void Ray  
  47  7:20  Stalker  
  49  7:24  Stalker  
  49  7:26  Stalker  
  49  7:27  Stalker  
  59  7:45  Stalker  
  59  7:48  Stalker  
  63  8:18  Photon Cannon  
  63  8:21  Shield Battery  
  63  8:24  Probe, Photon Cannon  
  63  8:26  Photon Cannon  
  63  8:28  Probe x2  
  63  8:32  Probe  
  66  8:37  Stalker  
  66  8:38  Stalker x2  
  66  8:39  Stalker  
  66  8:40  Void Ray, Probe x2  
  81  8:41  Void Ray  
  85  9:09  Probe x3  
  88  9:12  Protoss Air Armor Level 1  
  88  9:13  Stalker x2  
  88  9:14  Stalker x2  
  96  9:21  Probe x3  
  96  9:23  Void Ray  
  103  9:30  Pylon  
  103  9:32  Photon Cannon  
  103  9:34  Shield Battery  
  103  9:42  Twilight Council  
  103  9:55  Photon Cannon  
  103  9:56  Photon Cannon  
  103  10:00  Photon Cannon  
  103  10:01  Stalker x3  
  103  10:02  Stalker  
  103  10:06  Void Ray  
  105  10:34  Protoss Shields Level 1  
  105  10:50  Stalker  
  105  10:51  Zealot x2  
  105  10:52  Zealot  
  105  10:53  Void Ray x2  
  105  10:56  Charge  
  121  11:18  Gateway x2  
  121  11:29  Cybernetics Core  
  121  11:31  Fleet Beacon  
  121  11:32  Zealot x2  
  125  11:51  Pylon  
  125  11:53  Pylon  
  125  11:55  Pylon  
  125  11:58  Pylon  
  125  12:00  Pylon  
  125  12:02  Pylon  
  125  12:11  Protoss Air Weapons Level 2  
  125  12:14  Protoss Air Armor Level 2  
  125  12:15  Nexus  
  125  12:16  Probe  
  125  12:18  Pylon  
  125  12:19  Probe x2  
  125  12:20  Pylon  
  125  12:22  Pylon  
  128  12:24  Assimilator  
  128  12:25  Zealot  
  128  12:26  Zealot x3  
  136  12:30  Void Ray  
  136  12:31  Probe  
  141  13:03  Zealot x4  
  149  13:06  Void Ray  
  153  13:17  Void Ray  
  157  13:33  Assimilator  
  157  13:36  Photon Cannon  
  157  13:38  Photon Cannon  
  157  13:40  Photon Cannon  
  157  13:42  Shield Battery  
  157  13:48  Stalker x3  
  161  13:49  Stalker  
  165  14:03  Void Ray  
  169  14:15  Gateway  
  169  14:18  Gateway  
  169  14:20  Gateway  
  169  14:21  Gateway  
  169  14:27  Zealot x3  
  169  14:28  Zealot  
  177  14:32  Void Ray  
Tags
 
Add a new tag
Caveats
  • Supply blocks, unpowered buildings, or Contaminate may cause inaccurate times.
  • Supply counts are checked every 10 seconds.